 Dungeon Crawl Stone Soup version 0.26.0-10-g1f06aea511 (webtiles) character file.

Game seed: 15385410380113456397

88 Arum the Shield-Bearer (level 4, -1/37 HPs)
             Began as a Formicid Fighter on Jan 21, 2021.
             Slain by an orc priest (5 damage)
             ... on level 3 of the Dungeon.
             The game lasted 00:01:45 (1877 turns).

Arum the Shield-Bearer (Formicid Fighter)           Turns: 1877, Time: 00:01:46

Health: -1/37      AC:  8    Str: 21    XL:     4   Next: 81%
Magic:  4/4        EV:  4    Int:  8    God:
Gold:   200        SH:  0    Dex: 10    Spells: 3/3 levels left

rFire    . . .     SeeInvis +   h - +0 hand axe
rCold    . . .     Faith    .   c - +0 kite shield
rNeg     . . .     Spirit   .   b - +0 scale mail
rPois    .         Reflect  .   (helmet unavailable)
rElec    .         Harm     .   (no cloak)
rCorr    .         Rampage  .   f - +0 pair of gloves
Will     .....                  (no boots)
Stlth    ..........             (no amulet)
HPRegen  0.12/turn              j - -4 ring of evasion (curse)
MPRegen  0.09/turn              (no ring)

@: confused
A: permanent stasis, dig shafts and tunnels, four strong arms, antennae 3
a: Dig, Shaft Self


You were on level 3 of the Dungeon.
You visited 1 branch of the dungeon, and saw 3 of its levels.

You collected 200 gold pieces.

Inventory:

Hand Weapons
 a - a +0 war axe
 h - a +0 hand axe (weapon)
Armour
 b - a +0 scale mail (worn)
 c - a +0 kite shield (worn)
 f - a +0 pair of gloves (worn)
Jewellery
 j - a cursed -4 ring of evasion (left hand)
Scrolls
 k - a scroll of fear {unknown}
 l - a scroll of identify {unknown}
Potions
 d - 3 potions of might
 e - a potion of curing {unknown}
 g - a potion of brilliance {unknown}
 i - a potion of degeneration {unknown}
 m - a potion of ambrosia {unknown}
 n - a potion of haste {unknown}


   Skills:
 + Level 4.0 Fighting
 + Level 2.7 Axes
 + Level 4.1 Armour
 + Level 4.4 Shields


You had 3 spell levels left.
You didn't know any spells.
Your spell library was empty.

Dungeon Overview and Level Annotations

Branches:
Dungeon (3/15)

Altars:


Innate Abilities, Weirdness & Mutations

You cannot be hasted, slowed, berserked, paralysed or teleported.
You can dig through walls and to a lower floor.
Your four strong arms can wield two-handed weapons with a shield.
You have a pair of large antennae on your head. (SInv)


Message History

The orc wizard is heavily wounded.
The orc wizard points at you and mumbles some strange words.
You are confused.
You hit the orc wizard.
The orc wizard is severely wounded.
The orc wizard points at you and mumbles some strange words.
You are more confused.
You bump into the rock wall.
The orc priest invokes the aid of Beogh against you.
Beogh smites you!
* * * LOW HITPOINT WARNING * * *
The orc wizard hits you but does no damage.
You miss the orc wizard.
The orc wizard is severely wounded.
The orc priest calls down the wrath of Beogh upon you.
The orc wizard writhes in agony!
The orc wizard dies!
Your Fighting skill increases to level 4!
The orc priest hits you.
You die...

#.# #.# #.#
#.# #.# #.#
###.######
#.#
>.........#
#.#
#.........#
#.#
#.........#
#.#
#.........#
#.#
....#######
#@# .....#
#o#
.(...###
#.#
........
..#
.....###
..# ######
...#
########
..##
#.......
... ....#


You could see an orc priest.

Vanquished Creatures
  An adder (D:2)
  An ooze (D:2)
  A worm (D:2)
  A dart slug (D:2)
  3 leopard geckos
  An orc (D:3)
  A ball python (D:2)
  5 giant cockroaches
  2 goblins (D:2)
  9 hobgoblins
  9 kobolds
  A quokka (D:2)
  4 bats
  A frilled lizard (D:2)
  3 rats
43 creatures vanquished.

Vanquished Creatures (others)
  An orc wizard (D:3)
1 creature vanquished.

Grand Total: 44 creatures vanquished

Notes
Turn   | Place    | Note
-------+----------+-------------------------------------------
     0 | D:1      | Arum the Formicid Fighter began the quest for the Orb.
     0 | D:1      | Reached XP level 1. HP: 18/18 MP: 1/1
   286 | D:1      | Reached XP level 2. HP: 12/24 MP: 2/2
  1011 | D:2      | Reached XP level 3. HP: 28/29 MP: 3/3
  1364 | D:2      | Reached XP level 4. HP: 37/37 MP: 4/4
  1877 | D:3      | Slain by an orc priest

Illustrated notes

Levels and vault maps discovered:
D:1:      minmay_arrival_shattered_statue, layout_basic
D:2:      layout_loops_ring
D:3:      layout_basic, kennysheep_slug_shrine, chequers_serial_rivers_micro_b,
          uniq_ijyb

Skill      XL: |  1  2  3  4 |
---------------+-------------+-----
Shields        | 4 |  4.4
Armour         | 4 |  4.1
Fighting       | 4 |  4.0
Axes           | |  2.7

Action                   |  1- 3 |  4- 6 || total
-------------------------+-------+-------++-------
Melee: War axe           |    73 |       ||    73
       Hand axe          |    29 |    39 ||    68
 Abil: Dig               |     2 |       ||     2
Armor: Scale mail        |    51 |    18 ||    69
Dodge: Dodged            |    26 |     5 ||    31
Block: Kite shield       |    48 |    12 ||    60
